 Dungeon Crawl Stone Soup version 0.28.0 (webtiles) character file.

Game seed: 14494106652393054283

611 Lambsauce the Covered (level 7, 0/61 HPs)
             Began as a Hill Orc Fighter on Feb 15, 2022.
             Succumbed to a killer bee's poison
             ... on level 5 of the Dungeon.
             The game lasted 00:14:04 (5170 turns).

Lambsauce the Covered (Hill Orc Fighter)            Turns: 5170, Time: 00:14:04

Health: 0/61       AC: 15    Str: 21    XL:     7   Next: 43%
Magic:  7/7        EV:  6    Int:  8    God:
Gold:   141        SH:  5    Dex: 16    Spells: 6/6 levels left

rFire   + . .      SeeInvis .   d - +1 club (spect)
rCold   . . .      Faith    .   c - +0 buckler
rNeg    . . .      Spirit   .   i - +0 plate armour
rPois   .          Reflect  .   e - +0 helmet
rElec   .          Harm     .   (no cloak)
rCorr   .          Rampage  .   (no gloves)
Will    .....                   (no boots)
Stlth   ..........              (no amulet)
HPRegen 0.20/turn               q - +6 ring of dexterity
MPRegen 0.10/turn               k - ring of protection from fire

@: lethally poisoned (0 -> -7)
A: shaggy fur 1
a: no special abilities


You were on level 5 of the Dungeon.
You visited 1 branch of the dungeon, and saw 5 of its levels.

You collected 141 gold pieces.

Inventory:

Hand Weapons
 a - a +1 long sword
 d - a +1 spectral club (weapon)
 h - a +0 whip of draining
Missiles
 w - 2 javelins (quivered)
 x - 2 poisoned darts
Armour
 b - a +1 scale mail
 c - a +0 buckler (worn)
 e - a +0 helmet (worn)
 i - a +0 plate armour (worn)
Jewellery
 j - a ring of resist corrosion
 k - a ring of protection from fire (right hand)
 q - a +6 ring of dexterity (left hand)
Scrolls
 p - a scroll of noise
 s - a scroll of immolation
 v - a scroll of fear
Potions
 f - 2 potions of lignification
 g - 3 potions of degeneration {unknown}
 l - a potion of magic {unknown}
 m - a potion of resistance
 n - a potion of flight
 o - a potion of might
 r - a potion of berserk rage
 t - a potion of cancellation {unknown}
 u - a potion of curing {unknown}


   Skills:
 + Level 5.0 Fighting
 + Level 3.7 Long Blades
 + Level 3.3 Maces & Flails
 + Level 6.2 Armour
 + Level 0.4 Dodging
 + Level 4.5 Shields


You had 6 spell levels left.
You didn't know any spells.
Your spell library contained the following spells:

 Spells                   Type           Power      Damage    Failure   Level
 Airstrike                Air            0%         N/A       100%        4
 Summon Lightning Spire   Summ/Air       0%         N/A       100%        4
 Lightning Bolt           Conj/Air       0%         1d11      100%        5


Dungeon Overview and Level Annotations

Branches:
Dungeon (5/15)
 Temple: D:4-7

Altars:
Gozag
Kikubaaqudgha
Sif Muna
Xom
The Shining One


Innate Abilities, Weirdness & Mutations

You are covered in fur. (AC +1)


Message History

You feel very sick. The killer bee closely misses you.
The killer bee stings you but does no damage.
The killer bee stings you.
You closely miss the killer bee.
Your +1 spectral club hits the killer bee.
You feel sick. You block the killer bee's attack. x2
You hit the killer bee.
The killer bee is moderately wounded.
Your +1 spectral club hits the killer bee but does no damage.
You feel sick.
The killer bee stings you but does no damage.
The killer bee stings your +1 spectral club!
Your spectral weapon shares its damage with you!
You block the killer bee's attack.
You hit the killer bee.
The killer bee is severely wounded.
Your +1 spectral club barely misses the killer bee.
You feel sick.
Your +1 spectral club fades away.
The killer bee barely misses you. The killer bee stings you. x2
You are more poisoned.
The killer bee poisons you! You block the killer bee's attack.
The killer bee stings you but does no damage.
You feel sick. The killer bee barely misses you. x2
You feel sick. You block the killer bee's attack.
The killer bee stings you but does no damage.
You feel sick. You block the killer bee's attack. The killer bee stings you.
* * * LOW HITPOINT WARNING * * *
You are lethally poisoned!
The killer bee poisons you!
* * * LOW HITPOINT WARNING * * *
You feel very sick.
The killer bee stings you but does no damage.
* * * LOW HITPOINT WARNING * * *
You feel very sick. The killer bee barely misses you.
You block the killer bee's attack. The killer bee stings you.
* * * LOW HITPOINT WARNING * * *
You die...

####### #.....#
#.....# #.....# #
#<....#.#
#.....#.#.#
#..........
#.@...#.#.# #.....#
# #. #.yy..# ).. #
#.....# ###.# #
#.....# .... #
#.....######.######
#.......#..........
#..†....#.......)..
#.......#......##..


You could see 2 killer bees.

Vanquished Creatures
  An orc warrior (D:4)
  A black bear (D:4)
  A killer bee (D:5)
  A howler monkey (D:4)
  A bullfrog zombie (D:3)
  A centaur skeleton (D:4)
  An iguana (D:4)
  3 orc wizards
  Robin (D:2)
  4 adders
  A gnoll (D:1)
  4 dart slugs
  12 orcs
  7 ball pythons
  5 endoplasms
  6 giant cockroaches
  9 goblins
  9 hobgoblins
  6 jackals (D:1)
  7 kobolds
  2 quokkas
  8 bats
  9 frilled lizards
  4 rats
104 creatures vanquished.

Notes
Turn   | Place    | Note
-------+----------+-------------------------------------------
     0 | D:1      | Lambsauce the Hill Orc Fighter began the quest for the Orb.
     0 | D:1      | Reached XP level 1. HP: 19/19 MP: 1/1
   341 | D:1      | Found a faded altar of an unknown god.
   354 | D:1      | Reached XP level 2. HP: 27/27 MP: 2/2
   537 | D:1      | Reached XP level 3. HP: 20/31 MP: 3/3
  1383 | D:2      | Noticed Robin
  1405 | D:2      | Reached XP level 4. HP: 11/37 MP: 4/4
  1409 | D:2      | Killed Robin
  1946 | D:2      | Reached skill level 4 in Armour
  2663 | D:3      | Reached XP level 5. HP: 32/46 MP: 5/5
  2778 | D:3      | Found a glowing golden altar of the Shining One.
  2789 | D:3      | Reached skill level 1 in Maces & Flails
  3327 | D:3      | Found a shimmering altar of Xom.
  3502 | D:4      | Noticed an orc warrior
  3546 | D:4      | Reached XP level 6. HP: 32/53 MP: 6/6
  3550 | D:5      | Entered Level 5 of the Dungeon
  4073 | D:4      | Killed an orc warrior
  4074 | D:4      | Reached skill level 5 in Armour
  4527 | D:4      | Noticed a black bear
  4528 | D:4      | Gained mutation: You are covered in fur. (AC +1) [potion of
                  | mutation]
  4532 | D:4      | Killed a black bear
  4533 | D:4      | Reached skill level 5 in Fighting
  4533 | D:4      | Reached XP level 7. HP: 61/61 MP: 7/7
  4940 | D:4      | Found an opulent altar of Gozag.
  5004 | D:4      | Reached skill level 6 in Armour
  5010 | D:4      | Found a shimmering blue altar of Sif Muna.
  5014 | D:4      | Found an ancient bone altar of Kikubaaqudgha.
  5169 | D:5      | HP: 3/61 [poisoned by a killer bee]
  5170 | D:5      | Succumbed to a killer bee's poison

Illustrated notes

Levels and vault maps discovered:
D:1:      giann_horns, layout_basic, chequers_ecumenical_altar_simple
D:2:      layout_basic, hangedman_decor_clover_reticule, minmay_hexomino_c4,
          uniq_robin
D:3:      layout_rooms, nicolae_tso_carved_into_rock,
          lemuel_coloured_pillars_altar, serial_bayou_lake_a
D:4:      layout_gridville, minitemple
D:5:      layout_gridville, nicolae_ru_sacrificial_ziggurat, marbit_many_paths,
          minmay_starry_boxes

Skill      XL: |  1  2  3  4  5  6  7 |
---------------+----------------------+-----
Fighting       | 4 5 |  5.0
Long Blades    | 3 |  3.7
Shields        | 4 |  4.5
Armour         | 4 5 6 |  6.2
Maces & Flails | 1 3 |  3.3
Dodging        | |  0.4

Action                   |  1- 3 |  4- 6 |  7- 9 || total
-------------------------+-------+-------+-------++-------
Melee: Long sword        |   118 |     6 |       ||   124
       Club              |       |   164 |    31 ||   195
  Use: Scroll            |     4 |     7 |       ||    11
       Potion            |     3 |     1 |       ||     4
Armor: Scale mail        |    55 |    37 |       ||    92
       Plate armour      |       |    74 |    29 ||   103
Dodge: Dodged            |    56 |    53 |    13 ||   122
Block: Buckler           |    31 |    49 |    12 ||    92
